 Dungeon Crawl Stone Soup version 0.26.0-15-gc6cd9f7 (webtiles) character file.

Game seed: 5462937940278584144

105 Matudinoluver the Carver (level 4, -7/45 HPs)
             Began as a Gnoll Wanderer on Jan 19, 2021.
             Was a Follower of Nemelex Xobeh.
             Killed by divine providence
             ... invoked by an orc priest
              (8 damage)
             ... on level 3 of the Dungeon.
             The game lasted 00:23:44 (1752 turns).

Matudinoluver the Carver (Gnoll Wanderer)           Turns: 1752, Time: 00:23:44

Health: -7/45      AC:  9    Str: 18    XL:     4   Next: 81%
Magic:  5/5        EV:  7    Int: 12    God:    Nemelex Xobeh [*.....]
Gold:   76         SH:  9    Dex: 14    Spells: 5/5 levels left

rFire    + . .     SeeInvis .   t - +0 flail
rCold    . . .     Faith    .   c - +0 kite shield
rNeg     . . .     Spirit   .   o - +1 scale mail {Will+}
rPois    .         Reflect  .   (no helmet)
rElec    .         Harm     .   (no cloak)
rCorr    .         Rampage  .   x - +1 pair of gloves
Will     +....                  (no boots)
Stlth    ..........             (no amulet)
HPRegen  0.15/turn              e - ring of protection from fire
MPRegen  0.09/turn              p - ring of wizardry

@: no status effects
A: distributed training, fangs 1, strong nose
a: Renounce Religion, Draw Escape, Draw Destruction, Draw Summoning


You were on level 3 of the Dungeon.
You worshipped Nemelex Xobeh.
Nemelex Xobeh was aware of your devotion.
You visited 1 branch of the dungeon, and saw 3 of its levels.

You collected 76 gold pieces.

Inventory:

Hand Weapons
 a - a +0 falchion
 b - a +0 spear
 k - a +0 club
 l - a +0 club
 m - a +0 hunting sling
 n - a +0 club
 r - a +0 club
 t - a +0 flail (weapon)
Missiles
 f - 115 stones (quivered)
 i - 18 sling bullets
 w - 4 boomerangs
Armour
 c - a +0 kite shield (worn)
 d - a +0 robe
 o - a +1 scale mail of willpower (worn)
 x - a +1 pair of gloves (worn)
Jewellery
 e - a ring of protection from fire (left hand)
 p - a ring of wizardry (right hand)
 v - an uncursed ring of attention
Scrolls
 g - a scroll of remove curse
 h - a scroll of enchant armour


   Skills:
 + Level 8.6 Fighting
 + Level 1.2 Short Blades
 + Level 8.6 Long Blades
 + Level 1.2 Axes
 + Level 1.2 Maces & Flails
 + Level 1.2 Polearms
 + Level 1.2 Staves
 + Level 1.2 Slings
 + Level 1.2 Bows
 + Level 1.2 Crossbows
 + Level 1.2 Throwing
 + Level 1.2 Armour
 + Level 1.2 Dodging
 + Level 1.2 Stealth
 + Level 2.8 Shields
 + Level 1.2 Unarmed Combat
 + Level 1.2 Spellcasting
 + Level 1.0 Conjurations
 + Level 1.0 Hexes
 + Level 1.0 Summonings
 + Level 1.0 Necromancy
 + Level 1.0 Translocations
 + Level 1.0 Transmutations
 + Level 1.0 Fire Magic
 + Level 1.0 Ice Magic
 + Level 1.0 Air Magic
 + Level 1.0 Earth Magic
 + Level 1.0 Poison Magic
 + Level 1.4 Invocations
 + Level 2.8 Evocations


You had 5 spell levels left.
You didn't know any spells.
Your spell library was empty.

Dungeon Overview and Level Annotations

Branches:
Dungeon (3/15)

Altars:
Nemelex Xobeh
Qazlal
Sif Muna
Yredelemnul
Zin


Innate Abilities, Weirdness & Mutations

Your experience applies equally to all skills.
You have very sharp teeth.
Your uncanny sense of smell can sniff out nearby items.


Message History

Your Conjurations skill increases to level 1!
Your Hexes skill increases to level 1!
Your Summonings skill increases to level 1!
Your Necromancy skill increases to level 1!
Your Translocations skill increases to level 1!
Your Transmutations skill increases to level 1!
Your Fire Magic skill increases to level 1!
Your Ice Magic skill increases to level 1!
Your Air Magic skill increases to level 1!
Your Earth Magic skill increases to level 1!
Your Poison Magic skill increases to level 1!
Unknown command.
You block the rat's attack. The orc completely misses you.
The orc priest begins to cast a cantrip, but forgets the words!
You see here a +0 club.
The rat barely misses you.
The orc priest calls down the wrath of Beogh upon you.
Beogh smites you!
You die...
Your body disappears without a glow.

*,*,***,** #.#,,.....,**
*,**,,,** #.#**#..######
*,***,**
#####.####.......#**
*,**,,*
#.....o)ooo.#**,,,,,
*,**,** #.###o####.##
**,*** *,**,* ###.###.#
#.# *** *,**,**
#.....#.####.# *
*,*,,.####.#o#.....)..#
**
*,,,*.......o)@.#.(...#
*,
*,,,,.##.#..or.......##
**
***,,,,,...........##.##
*
*,,,,,,..#.#....#>###.#
*,,,,,,......#.##.# #.#
*,,,,,,..#.#.#.##.# #.#
*,*,,<*#.....#.##.#*#.#
*,*,,,**##.#.#.#*..,,,*
*,**,*****,*,*,**,,****


You could see 2 orc priests, an orc and a rat.

Vanquished Creatures
  An orc priest (D:3)
  3 gnolls
  3 dart slugs
  A leopard gecko (D:2)
  2 orcs (D:3)
  6 bats
  A giant cockroach (D:1)
  5 goblins
  6 hobgoblins
  3 kobolds
  A quokka (D:2)
  4 frilled lizards
  4 rats
40 creatures vanquished.

Notes
Turn   | Place    | Note
-------+----------+-------------------------------------------
     0 | D:1      | Matudinoluver the Gnoll Wanderer began the quest for the
                  | Orb.
     0 | D:1      | Matudinoluver set off with the following items: a +0
                  | falchion, a scroll of teleportation, a +0 kite shield, a +0
                  | robe
     0 | D:1      | Reached XP level 1. HP: 26/26 MP: 1/1
   223 | D:1      | You fall into a shaft and drop 1 floor!
   266 | D:2      | Reached XP level 2. HP: 30/33 MP: 2/2
   471 | D:2      | Found a sparkling altar of Nemelex Xobeh.
   506 | D:2      | Became a worshipper of Nemelex Xobeh the Trickster
   695 | D:1      | Reached XP level 3. HP: 27/38 MP: 3/3
   982 | D:2      | Found a shimmering blue altar of Sif Muna.
   982 | D:2      | Found a stormy altar of Qazlal.
   984 | D:2      | Reached skill level 1 in Invocations
   991 | D:2      | Found a glowing silver altar of Zin.
   994 | D:2      | Found a basalt altar of Yredelemnul.
  1268 | D:2      | Reached skill level 1 in Short Blades
  1268 | D:2      | Reached skill level 1 in Axes
  1268 | D:2      | Reached skill level 1 in Maces & Flails
  1268 | D:2      | Reached skill level 1 in Polearms
  1268 | D:2      | Reached skill level 1 in Staves
  1268 | D:2      | Reached skill level 1 in Slings
  1268 | D:2      | Reached skill level 1 in Bows
  1268 | D:2      | Reached skill level 1 in Crossbows
  1268 | D:2      | Reached skill level 1 in Throwing
  1268 | D:2      | Reached skill level 1 in Armour
  1268 | D:2      | Reached skill level 1 in Dodging
  1268 | D:2      | Reached skill level 1 in Stealth
  1268 | D:2      | Reached skill level 1 in Unarmed Combat
  1268 | D:2      | Reached skill level 1 in Spellcasting
  1521 | D:2      | Reached XP level 4. HP: 29/45 MP: 5/5
  1702 | D:3      | Reached * piety under Nemelex Xobeh
  1748 | D:3      | HP: 1/45 [orc priest/divine providence (11)]
  1751 | D:3      | Reached skill level 1 in Conjurations
  1751 | D:3      | Reached skill level 1 in Hexes
  1751 | D:3      | Reached skill level 1 in Summonings
  1751 | D:3      | Reached skill level 1 in Necromancy
  1751 | D:3      | Reached skill level 1 in Translocations
  1751 | D:3      | Reached skill level 1 in Transmutations
  1751 | D:3      | Reached skill level 1 in Fire Magic
  1751 | D:3      | Reached skill level 1 in Ice Magic
  1751 | D:3      | Reached skill level 1 in Air Magic
  1751 | D:3      | Reached skill level 1 in Earth Magic
  1751 | D:3      | Reached skill level 1 in Poison Magic
  1752 | D:3      | Killed from afar by an orc priest

Illustrated notes

Levels and vault maps discovered:
D:1:      minmay_arrival_glassed_features, layout_loops_ring,
          minmay_pentomino_r2
D:2:      layout_basic, nemelex_xobeh_ov_fountains_minmay,
          grunt_temple_overflow_cloverleaf, minmay_door_square
D:3:      layout_loops_ring, grunt_temple_overflow_lords_of_destruction,
          tso_oasis_becter

Skill      XL: |  1  2  3  4 |
---------------+-------------+-----
Invocations    | 1 |  1.4
Short Blades   | 1 |  1.2
Axes           | 1 |  1.2
Maces & Flails | 1 |  1.2
Polearms       | 1 |  1.2
Staves         | 1 |  1.2
Slings         | 1 |  1.2
Bows           | 1 |  1.2
Crossbows      | 1 |  1.2
Throwing       | 1 |  1.2
Armour         | 1 |  1.2
Dodging        | 1 |  1.2
Stealth        | 1 |  1.2
Unarmed Combat | 1 |  1.2
Spellcasting   | 1 |  1.2
Conjurations   | 1 |  1.0
Hexes          | 1 |  1.0
Summonings     | 1 |  1.0
Necromancy     | 1 |  1.0
Translocations | 1 |  1.0
Transmutations | 1 |  1.0
Fire Magic     | 1 |  1.0
Ice Magic      | 1 |  1.0
Air Magic      | 1 |  1.0
Earth Magic    | 1 |  1.0
Poison Magic   | 1 |  1.0
Fighting       | |  8.6
Long Blades    | |  8.6
Shields        | |  2.8
Evocations     | |  2.8

Action                   |  1- 3 |  4- 6 || total
-------------------------+-------+-------++-------
Melee: Falchion          |    77 |       ||    77
       Bite              |     7 |     2 ||     9
       Flail             |    11 |    26 ||    37
Throw: Stone             |    32 |     7 ||    39
  Use: Potion            |     3 |       ||     3
       Scroll            |     1 |     5 ||     6
Armor: Robe              |    14 |       ||    14
       Scale mail        |       |    21 ||    21
Dodge: Dodged            |    55 |    13 ||    68
Block: Kite shield       |    50 |    23 ||    73
       Rpst.: Falchion   |    17 |       ||    17
